 Dungeon Crawl Stone Soup version 0.29-a0-553-g81b289dbe5 (webtiles) character file.

Game seed: 12498963859668916803

4204 croobank the Covert (level 10, -5/123 HPs)
             Began as a Gnoll Delver on June 7, 2022.
             Was an Initiate of Gozag.
             Slain by a komodo dragon (20 damage)
             ... on level 1 of the Lair of Beasts.
             The game lasted 01:00:37 (12740 turns).

croobank the Covert (Gnoll Delver)                 Turns: 12740, Time: 01:00:50

Health: -5/123     AC: 25    Str: 11    XL:     10   Next: 29%
Magic:  16/17      EV:  2    Int: 15    God:    Gozag
Gold:   228        SH:  0    Dex: 13    Spells: 18/19 levels left

rFire   . . .      SeeInvis .   V - +1 broad axe
rCold   . . .      Faith    .   (no shield)
rNeg    . . .      Spirit   .   (body armour currently unavailable)
rPois   +          Reflect  .   (helmet currently unavailable)
rElec   .          Harm     .   (cloak currently unavailable)
rCorr   .          Rampage  .   (gloves currently unavailable)
Will    .....      NoTele   +   (boots currently unavailable)
Stlth   +++++.....              M - amulet of magic regeneration
HPRegen 0.30/turn               (no ring)
MPRegen 0.55/turn               (no ring)

@: tree-form
A: stationary, stasis, torment immunity, boosted hp, (fangs 1), strong nose,
distributed training
a: Renounce Religion, Potion Petition, Call Merchant, Bribe Branch


You were on level 1 of the Lair of Beasts.
You worshipped Gozag.
Gozag was aware of your devotion.
You were a tree.
You visited 3 branches of the dungeon, and saw 11 of its levels.
You also visited: Bailey.

You collected 1396 gold pieces.
You paid 1168 gold pieces to Gozag.

Inventory:

Hand Weapons
 a - a +0 war axe
 b - a +1 dagger of draining
 d - a +0 quarterstaff
 o - a +2 dagger of venom
 z - a +6 great sword
 D - a +0 dire flail
 G - a +0 battleaxe
 H - a +3 dagger of speed
 O - a +0 hunting sling
 S - a +0 halberd
 T - a +3 spear
 V - a +1 broad axe (weapon)
 X - a +2 rapier of venom
Missiles
 h - 14 poisoned darts (quivered)
 m - 209 stones
 E - 21 boomerangs
 J - 3 javelins
Armour
 n - a +1 cloak (melded)
 u - a +0 scale mail (melded)
 v - a +0 leather armour
 y - a +0 ring mail
 K - a +1 helmet (melded)
 U - a +0 chain mail
Magical Staves
 j - a staff of poison
Jewellery
 M - an amulet of magic regeneration (around neck)
Wands
 c - a wand of acid (4)
 g - a wand of digging (3)
 w - a wand of flame (6)
 L - a wand of paralysis (10)
Scrolls
 e - a scroll of identify
 i - a scroll of poison
 k - a scroll of amnesia
 s - a scroll of enchant armour
 t - a scroll of magic mapping
 I - 2 scrolls of teleportation
 Q - 2 scrolls of torment
 Y - 2 scrolls of immolation
Potions
 f - a potion of haste
 l - a potion of mutation
 p - 5 potions of flight
 q - a potion of cancellation
 r - a potion of attraction
 A - a potion of lignification
 B - 3 potions of brilliance
 C - 3 potions of degeneration {unknown}
 F - a potion of ambrosia {unknown}
 P - a potion of resistance {unknown}
 Z - 2 potions of curing
Miscellaneous
 W - a box of beasts


   Skills:
 + Level 8.4 Fighting
 + Level 5.1 Short Blades
 + Level 5.1 Long Blades
 + Level 7.0 Axes
 + Level 5.1 Maces & Flails
 + Level 5.1 Polearms
 + Level 5.1 Staves
 + Level 5.1 Slings
 + Level 5.1 Bows
 + Level 5.1 Crossbows
 + Level 5.1 Throwing
 + Level 5.1 Armour
 + Level 7.0 Dodging
 + Level 10.9 Stealth
 + Level 5.1 Shields
 + Level 5.1 Unarmed Combat
 + Level 5.1 Spellcasting
 + Level 4.2 Conjurations
 + Level 4.2 Hexes
 + Level 4.2 Summonings
 + Level 4.2 Necromancy
 + Level 4.2 Translocations
 + Level 4.2 Transmutations
 + Level 4.2 Fire Magic
 + Level 4.2 Ice Magic
 + Level 4.2 Air Magic
 + Level 4.2 Earth Magic
 + Level 4.2 Poison Magic
 + Level 5.6 Invocations
 + Level 5.1 Evocations


You had 18 spell levels left.
You knew the following spells:

 Your Spells              Type           Power      Damage    Failure   Level
a - Necrotize             Necr           64%        1d7       2%          1

Your spell library contained the following spells:

 Spells                   Type           Power      Damage    Failure   Level
 Vampiric Draining        Necr           16%        2d7       9%          3
 Agony                    Necr           16%        N/A       61%         5


Dungeon Overview and Level Annotations

Branches:
Dungeon (9/15)             Temple (1/1) D:4            Lair (1/6) D:8
 Bailey (visited)
    Orc: D:9-12

Altars:
Ashenzari
Cheibriados
Elyvilon
Fedhas
Gozag
Hepliaklqana
Kikubaaqudgha
Makhleb
Nemelex Xobeh
Okawaru
Qazlal
Sif Muna
Trog
Uskayaw
Vehumet
Wu Jian
Xom
Yredelemnul
The Shining One

Shops:
D:3 [   D:4 *

Annotations:
D:8 Erica


Innate Abilities, Weirdness & Mutations

You are a tree.
Your roots penetrate the ground, keeping you stationary.
You cannot be teleported.
You are immune to unholy pain and torment.
Your maximum health is greatly increased.
Your equipment is partially melded.
((You have very sharp teeth.))
Your uncanny sense of smell can sniff out nearby items.
Your experience applies equally to all skills.


Message History

The komodo dragon bites you but does no damage.
The komodo dragon bites you.
* * * LOW HITPOINT WARNING * * *
You barely miss the komodo dragon.
The komodo dragon is severely wounded.
The komodo dragon bites you but does no damage.
You slash the komodo dragon!
The komodo dragon is almost dead.
The komodo dragon bites you!
* * * LOW HITPOINT WARNING * * *
You barely miss the komodo dragon.
You punch the komodo dragon, but do no damage.
The komodo dragon is almost dead.
The komodo dragon hisses menacingly.
The komodo dragon bites you but does no damage.
You barely miss the komodo dragon.
The komodo dragon is almost dead.
The komodo dragon bites you.
* * * LOW HITPOINT WARNING * * *
The komodo dragon bites you but does no damage.
You hit the komodo dragon but do no damage.
Your punch misses the komodo dragon.
The komodo dragon is almost dead.
The komodo dragon bites you but does no damage.
Casting: Necrotize (safe; 2% risk of failure)
Confirm with . or Enter, or press ? or * to list all spells.
Aiming: Necrotize (safe; 2% risk of failure)
Press: ? - help, Shift-Dir - straight line, f/p - komodo dragon
Aim: a komodo dragon (severely wounded, chance to affect: 57%)
The komodo dragon writhes in agony.
The komodo dragon bites you but does no damage.
Casting: Necrotize (safe; 2% risk of failure)
Confirm with . or Enter, or press ? or * to list all spells.
Aiming: Necrotize (safe; 2% risk of failure)
Press: ? - help, Shift-Dir - straight line, f/p - komodo dragon
Aim: a komodo dragon (almost dead, chance to affect: 57%)
The komodo dragon resists with significant effort.
The komodo dragon bites you!!
You die...
Your body crumbles into a pile of gold.

......#.....##
#...........##
#...........##
#...........#
#...........
#...........
#.<.........
#l..........
#♣..........
#.........$.
##..........
#..........
##.........
#.........
#.........
###....P#.


You could see a komodo dragon.

Vanquished Creatures
  An unseen horror (D:7)
  A wraith (D:9)
  2 water moccasins
  3 sky beasts (D:7)
  8 orc warriors
  An ice beast (D:7)
  2 black bears
  2 ogres
  5 wolves (D:8)
  3 phantoms
  Blork the orc (D:4)
  2 bullfrogs
  A scorpion (D:5)
  5 wights (D:7)
  7 hounds
  2 jellies (D:5)
  A gnoll shaman (D:6)
  6 orc priests
  4 orc wizards
  3 iguanas
  9 gnolls
  10 adders
  A white imp (D:5)
  A worm (D:5)
  3 dart slugs
  26 orcs
  6 bats
  3 endoplasms
  13 goblins
  9 hobgoblins
  3 jackals (D:1)
  8 quokkas
  9 ball pythons
  2 frilled lizards (D:1)
  22 kobolds
  4 rats
189 creatures vanquished.

Vanquished Creatures (others)
  A gnoll (D:8)
  A plant (D:3)
2 creatures vanquished.

Grand Total: 191 creatures vanquished

Notes
Turn   | Place    | Note
-------+----------+-------------------------------------------
     0 | D:5      | Reached skill level 9 in Stealth
     0 | D:5      | croobank the Gnoll Delver began the quest for the Orb.
     0 | D:5      | Reached XP level 1. HP: 23/23 MP: 1/1
   105 | D:4      | Found Vuja's Assorted Antiques.
   107 | D:4      | Reached XP level 2. HP: 29/29 MP: 2/2
   554 | D:1      | Reached XP level 3. HP: 35/35 MP: 3/3
   824 | D:1      | Reached skill level 1 in Invocations
   943 | D:1      | Reached skill level 1 in Short Blades
   943 | D:1      | Reached skill level 1 in Long Blades
   943 | D:1      | Reached skill level 1 in Maces & Flails
   943 | D:1      | Reached skill level 1 in Polearms
   943 | D:1      | Reached skill level 1 in Staves
   943 | D:1      | Reached skill level 1 in Slings
   943 | D:1      | Reached skill level 1 in Bows
   943 | D:1      | Reached skill level 1 in Crossbows
   943 | D:1      | Reached skill level 1 in Throwing
   943 | D:1      | Reached skill level 1 in Armour
   943 | D:1      | Reached skill level 1 in Shields
   943 | D:1      | Reached skill level 1 in Unarmed Combat
   943 | D:1      | Reached skill level 1 in Spellcasting
   943 | D:1      | Reached skill level 1 in Evocations
  1082 | D:1      | Reached XP level 4. HP: 41/41 MP: 5/5
  2192 | D:3      | Found Iceose's Antique Armour Emporium.
  2287 | D:3      | Reached skill level 1 in Conjurations
  2287 | D:3      | Reached skill level 1 in Hexes
  2287 | D:3      | Reached skill level 1 in Summonings
  2287 | D:3      | Reached skill level 1 in Necromancy
  2287 | D:3      | Reached skill level 1 in Translocations
  2287 | D:3      | Reached skill level 1 in Transmutations
  2287 | D:3      | Reached skill level 1 in Fire Magic
  2287 | D:3      | Reached skill level 1 in Ice Magic
  2287 | D:3      | Reached skill level 1 in Air Magic
  2287 | D:3      | Reached skill level 1 in Earth Magic
  2287 | D:3      | Reached skill level 1 in Poison Magic
  2664 | D:3      | Found a faded altar of an unknown god.
  2745 | D:4      | Noticed Blork the orc
  2759 | D:4      | Killed Blork the orc
  2760 | D:4      | Reached XP level 5. HP: 32/47 MP: 5/7
  3223 | D:4      | Found a staircase to the Ecumenical Temple.
  3242 | Temple   | Entered the Ecumenical Temple
  3432 | Temple   | Became a worshipper of Gozag Ym Sagoz the Greedy
  3614 | D:4      | Noticed a black bear
  3626 | D:4      | Killed a black bear
  3627 | D:4      | Reached XP level 6. HP: 41/53 MP: 8/8
  3884 | D:4      | Reached skill level 5 in Axes
  3884 | D:4      | Reached skill level 5 in Dodging
  4374 | D:5      | Reached XP level 7. HP: 40/59 MP: 10/10
  5035 | D:5      | Reached skill level 10 in Stealth
  5305 | D:6      | Reached XP level 8. HP: 63/67 MP: 12/12
  5620 | D:6      | Found a hazy altar of Hepliaklqana.
  5944 | D:7      | HP: 2/67 [ogre/+0 giant club (24)]
  6946 | D:7      | Reached XP level 9. HP: 73/73 MP: 14/14
  7118 | D:7      | Killed an unseen horror
  8681 | D:7      | Found an iron altar of Okawaru.
  8683 | D:7      | Found a blossoming altar of Fedhas.
  8683 | D:7      | Found a glowing golden altar of the Shining One.
  9178 | D:8      | Reached skill level 5 in Invocations
  9189 | D:8      | Found a flagged portal.
  9194 | Bailey   | Entered a bailey
  9520 | Bailey   | Learned a level 1 spell: Necrotize
  9968 | Bailey   | Reached XP level 10. HP: 38/80 MP: 17/17
 10890 | D:8      | Noticed Erica
 11226 | D:9      | Reached skill level 5 in Short Blades
 11226 | D:9      | Reached skill level 5 in Long Blades
 11226 | D:9      | Reached skill level 5 in Maces & Flails
 11226 | D:9      | Reached skill level 5 in Polearms
 11226 | D:9      | Reached skill level 5 in Staves
 11226 | D:9      | Reached skill level 5 in Slings
 11226 | D:9      | Reached skill level 5 in Bows
 11226 | D:9      | Reached skill level 5 in Crossbows
 11226 | D:9      | Reached skill level 5 in Throwing
 11226 | D:9      | Reached skill level 5 in Armour
 11226 | D:9      | Reached skill level 5 in Shields
 11226 | D:9      | Reached skill level 5 in Unarmed Combat
 11226 | D:9      | Reached skill level 5 in Spellcasting
 11226 | D:9      | Reached skill level 5 in Evocations
 12081 | D:8      | Found a staircase to the Lair.
 12108 | Lair:1   | Entered Level 1 of the Lair of Beasts
 12740 | Lair:1   | Slain by a komodo dragon

Illustrated notes

Levels and vault maps discovered:
D:1:      dpeg_arrival_houses_and_road, layout_rooms, minmay_heptomino_l4
D:2:      layout_basic
D:3:      layout_loops_corners, serial_shops, nicolae_shop_behind_doors,
          chequers_ecumenical_altar_lobes
D:4:      layout_basic, minmay_temple_entry_tees, serial_shops, shop,
          minivault_4, uniq_blork_the_orc
D:5:      layout_loops_ring
D:6:      layout_cave_pools, lemuel_round_altar
D:7:      layout_loops_corners, grunt_temple_overflow_diamond,
          hangedman_decor_riveting
D:8:      layout_gridville, lair_entry_dummy, enter_bailey_3, uniq_erica
D:9:      layout_roguey [special_room_orc], nicolae_ru_the_path_less_chosen,
          grunt_ogre_cave
Temple:   regret_index_temple_generic_petals
Lair:1:   layout_cave_pods, basic_altar, nzn_masters_of_martial_movement

Skill      XL: |  1  2  3  4  5  6  7  8  9 10 |
---------------+-------------------------------+-----
Stealth        | 10 | 10.9
Invocations    | 1 2 3 4 5 |  5.6
Short Blades   | 1 2 3 4 5 |  5.1
Long Blades    | 1 2 3 4 5 |  5.1
Maces & Flails | 1 2 3 4 5 |  5.1
Polearms       | 1 2 3 4 5 |  5.1
Staves         | 1 2 3 4 5 |  5.1
Slings         | 1 2 3 4 5 |  5.1
Bows           | 1 2 3 4 5 |  5.1
Crossbows      | 1 2 3 4 5 |  5.1
Throwing       | 1 2 3 4 5 |  5.1
Armour         | 1 2 3 4 5 |  5.1
Shields        | 1 2 3 4 5 |  5.1
Unarmed Combat | 1 2 3 4 5 |  5.1
Spellcasting   | 1 2 3 4 5 |  5.1
Evocations     | 1 2 3 4 5 |  5.1
Conjurations   | 1 2 3 4 |  4.2
Hexes          | 1 2 3 4 |  4.2
Summonings     | 1 2 3 4 |  4.2
Necromancy     | 1 2 3 4 |  4.2
Translocations | 1 2 3 4 |  4.2
Transmutations | 1 2 3 4 |  4.2
Fire Magic     | 1 2 3 4 |  4.2
Ice Magic      | 1 2 3 4 |  4.2
Air Magic      | 1 2 3 4 |  4.2
Earth Magic    | 1 2 3 4 |  4.2
Poison Magic   | 1 2 3 4 |  4.2
Axes           | 5 6 7 |  7.0
Dodging        | 5 6 7 |  7.0
Fighting       | 7 8 |  8.4

Action                   |  1- 3 |  4- 6 |  7- 9 | 10-12 || total
-------------------------+-------+-------+-------+-------++-------
Melee: Quarterstaff      |    54 |       |       |       ||    54
       Hand axe          |     1 |       |       |       ||     1
       Bite              |    11 |    13 |    42 |    17 ||    83
       Dagger            |    36 |   136 |   344 |     7 ||   523
       Punch             |       |     2 |    11 |     7 ||    20
       Staff             |       |       |    41 |       ||    41
       War axe           |       |       |     8 |       ||     8
       Broad axe         |       |       |     5 |   110 ||   115
Throw: Dart              |       |       |     5 |     1 ||     6
 Cast: Necrotize         |       |       |    19 |    33 ||    52
Invok: Potion Petition   |       |       |     1 |     2 ||     3
Evoke: Wand              |       |       |     5 |       ||     5
  Use: Scroll            |     1 |    12 |    12 |     7 ||    32
       Potion            |       |       |     7 |     4 ||    11
 Stab: Sleeping          |    11 |    11 |    17 |     1 ||    40
       Distracted        |       |     1 |       |     1 ||     2
Armor: Leather armour    |    17 |    37 |    46 |       ||   100
       Scale mail        |       |       |    72 |    55 ||   127
       Skin              |       |       |       |     9 ||     9
Dodge: Dodged            |    49 |    79 |   152 |    93 ||   373

Table legend: (Time is in decaauts)
 A = Elapsed time spent in this place.
 B = Non-inter-level travel time spent in this place.
 C = Inter-level travel time spent in this place.
 D = Time resting spent in this place.
 E = Time spent auto-exploring this place.
 F = Levels seen in this place.
 G = Mean time per level.
                   A        B        C        D        E       F      G
               +--------+--------+--------+--------+--------+-----+--------+
         Total |  12607 |  12349 |    258 |   3978 |   6006 |  12 | 1050.6 |
       Dungeon |  10745 |  10551 |    194 |   3359 |   5237 |   9 | 1193.9 |
        Temple |    260 |    197 |     63 |      0 |    186 |   1 |  260.0 |
          Lair |     43 |     43 |      0 |      0 |      0 |   1 |   43.0 |
        Bailey |   1557 |   1557 |      0 |    619 |    583 |   1 | 1557.0 |
               +--------+--------+--------+--------+--------+-----+--------+

Top non-repeatable levels by time:
     D:7: 2999 daAuts
  Bailey: 1557 daAuts
     D:4: 1394 daAuts
     D:8: 1356 daAuts
     D:5: 1058 daAuts
     D:2: 892 daAuts
     D:3: 871 daAuts
     D:9: 823 daAuts
     D:1: 794 daAuts
     D:6: 556 daAuts
  Temple: 260 daAuts
  Lair:1: 43 daAuts
